 Dungeon Crawl Stone Soup version 0.29.0-11-gd7f09526c8 (webtiles) character file.

Game seed: 11601387035548177850

115189 leavemydog the Sorcerer (level 16, -1/94 HPs)
             Began as a Deep Elf Conjurer on Sept 5, 2022.
             Was the Champion of Vehumet.
             Slain by a +2 dire flail of protection (15 damage)
             ... on level 2 of the Elven Halls.
             The game lasted 01:40:17 (28944 turns).

leavemydog the Sorcerer (Deep Elf Conjurer)        Turns: 28944, Time: 01:40:17

Health: -1/94      AC: 19    Str:  5    XL:     16   Next: 18%
Magic:  3/61       EV: 11    Int: 29    God:    Vehumet [******]
Gold:   2768       SH:  0    Dex: 14    Spells: 30/57 levels left

rFire   + . .      SeeInvis +   H - +10 mace of the End {protect, Contam Fly rElec rC++}
rCold   + + +      Faith    .   (no shield)
rNeg    + . .      Spirit   .   I - +0 acid dragon scales
rPois   +          Reflect  .   Y - +2 hat {Stlth+}
rElec   +          Harm     .   d - +2 cloak of the Thief {*Fog Slay-2 SInv Stlth+}
rCorr   +          Rampage  .   F - +2 pair of gloves
Will    ++...                   o - +3 pair of mountain boots {steadfast, rC+}
Stlth   ++++......              N - amulet of regeneration
HPRegen 1.05/turn               m - ring of Leaw {Fly rF+ MP+9 Dex+2}
MPRegen 0.37/turn               s - ring "Hiplya" {rPois rN+ Will+ MP+9 Str-5}

@: flying
A: talons 1, strong 1
a: Renounce Religion


You were on level 2 of the Elven Halls.
You worshipped Vehumet.
Vehumet was exalted by your worship.
You visited 5 branches of the dungeon, and saw 22 of its levels.
You visited 1 bazaar.

You collected 4350 gold pieces.
You spent 1582 gold pieces at shops.

Inventory:

Hand Weapons
 H - the +10 mace of the End (weapon) {protect, Contam Fly rElec rC++}
   (You found it on level 6 of the Dungeon)

   It grants its wielder temporary protection when it strikes (+7 to AC).
   rC:        It greatly protects you from cold.
   rElec:     It insulates you from electricity.
   Fly:       It grants you flight.
   Contam:    It causes magical contamination when unequipped.
Armour
 d - the +2 cloak of the Thief (worn) {*Fog Slay-2 SInv Stlth+}
   (You bought it in a shop on level 9 of the Dungeon)

   It may release a thick cloud of smoke when the wearer is hurt.
   Slay:      It affects your accuracy & damage with ranged weapons and melee
   (-2).
   SInv:      It lets you see invisible.
   Stlth:     It makes you more stealthy.
 o - the +3 pair of mountain boots (worn) {steadfast, rC+}
   (You acquired it on level 4 of the Dungeon)

   It prevents involuntary movement, except for blinking, teleportation, or
   banishment.
   rC:        It protects you from cold.
 F - a +2 pair of gloves (worn)
 I - +0 acid dragon scales (worn)
 L - the +10 chain mail "Liaggiv" {rC+}
   (You found it on level 11 of the Dungeon)

   rC:        It protects you from cold.
 Y - a +2 hat of stealth (worn)
Jewellery
 a - a ring of protection from fire
 m - the ring of Leaw (left hand) {Fly rF+ MP+9 Dex+2}
   (You bought it in a shop on level 2 of the Elven Halls)

   [ring of protection from fire]

   Dex:       It affects your dexterity (+2).
   rF:        It protects you from fire.
   MP:        It affects your magic capacity (+9).
   Fly:       It grants you flight.
 s - the ring "Hiplya" (right hand) {rPois rN+ Will+ MP+9 Str-5}
   (You acquired it on level 4 of the Dungeon)

   [ring of magical power]

   Str:       It affects your strength (-5).
   rPois:     It protects you from poison.
   rN:        It protects you from negative energy.
   MP:        It affects your magic capacity (+9).
   Will:      It increases your willpower.
 u - a ring of flight
 N - an amulet of regeneration (around neck)
 X - a ring of positive energy
Wands
 f - a wand of mindburst (3)
 k - a wand of quicksilver (13)
 q - a wand of iceblast (13)
 J - a wand of charming (20)
 P - a wand of polymorph (3)
 Q - a wand of flame (11)
Scrolls
 c - a scroll of torment
 e - 4 scrolls of fear
 h - 3 scrolls of vulnerability
 i - a scroll of acquirement
 l - 2 scrolls of immolation
 p - 3 scrolls of butterflies
 r - 7 scrolls of teleportation
 v - 6 scrolls of poison
 x - a scroll of noise
 C - 2 scrolls of blinking
 R - a scroll of amnesia
 U - a scroll of summoning
 W - a scroll of enchant weapon
Potions
 b - 3 potions of magic
 g - 2 potions of attraction {unknown}
 j - 13 potions of curing
 n - 2 potions of might
 t - 2 potions of cancellation
 w - 4 potions of brilliance
 z - 2 potions of mutation
 B - 3 potions of resistance
 G - 7 potions of haste
 K - 3 potions of berserk rage
 O - 9 potions of ambrosia
 V - a potion of heal wounds
 Z - a potion of lignification {unknown}
Miscellaneous
 D - a lightning rod (4/4)


   Skills:
 * Level 8.5 Fighting
 + Level 4.0 Armour
 - Level 2.4 Dodging
 - Level 2.4 Stealth
 + Level 21.2 Spellcasting
 + Level 17.8 Conjurations
 - Level 6.8 Hexes
 - Level 9.7 Translocations
 * Level 5.5 Fire Magic
 + Level 11.0 Earth Magic
 - Level 0.1 Evocations


You had 30 spell levels left.
You knew the following spells:

 Your Spells              Type           Power      Damage    Failure   Level
a - Magic Dart            Conj           100%       1d8       0%          1
b - Searing Ray           Conj           100%       2d8       0%          2
c - Iskenderun's Mystic   Conj/Tloc      84%        2d17      1%          4
d - Fulminant Prism       Conj/Hex       40%        3d20      1%          4
e - Iskenderun's Battles  Conj           94%        2d14      1%          5
f - Iron Shot             Conj/Erth      42%        9d8       1%          6
g - Fireball              Conj/Fire      39%        3d16      1%          5

Your spell library contained the following spells:

 Spells                   Type           Power      Damage    Failure   Level
 Lightning Bolt           Conj/Air       35%        1d53      1%          5
 Stone Arrow              Conj/Erth      100%       3d13      0%          3
 Apportation              Tloc           100%       N/A       1%          1
 Sandblast                Erth           100%       2d20      1%          1
 Blink                    Tloc           100%       N/A       1%          2
 Passwall                 Tmut/Erth      48%        N/A       1%          2
 Scorch                   Fire           100%       2d10      1%          2
 Dazzling Flash           Conj/Hex       100%       N/A       1%          3
 Ignite Poison            Fire/Tmut/Pois 41%        N/A       1%          3
 Mephitic Cloud           Conj/Pois/Air  60%        N/A       1%          3
 Flame Wave               Conj/Fire      78%        2d17      1%          4
 Freezing Cloud           Conj/Ice/Air   30%        6-21      1%          5
 Manifold Assault         Tloc           72%        N/A       1%          5
 Spellforged Servitor     Conj/Summ      35%        N/A       14%         7
 Alistair's Intoxication  Tmut/Pois      20%        N/A       56%         5
 Summon Cactus Giant      Summ           15%        N/A       98%         6
 Storm Form               Tmut/Air       15%        N/A       100%        7
 Borgnjor's Revivificati  Necr           15%        N/A       100%        8
 Necromutation            Tmut/Necr      15%        N/A       100%        8
 Death's Door             Necr           15%        N/A       100%        9


Dungeon Overview and Level Annotations

Branches:
Dungeon (15/15)            Temple (1/1) D:4            Lair (2/5) D:9
  Snake (0/4) Lair:2          Orc (2/2) D:10            Elf (2/3) Orc:2
 Vaults (0/5) D:14         Depths (0/4) D:15
  Swamp: Lair:2-3    Shoals: Lair:2-3

Altars:
Ashenzari
Cheibriados
Dithmenos
Elyvilon
Fedhas
Gozag
Hepliaklqana
Kikubaaqudgha
Makhleb
Nemelex Xobeh
Okawaru
Qazlal
Ru
Sif Muna
Trog
Uskayaw
Vehumet
Wu Jian
Xom
Yredelemnul
Zin
The Shining One

Shops:
D:9 *(   D:10 (   D:14 (   Orc:2 :[?*   Elf:1 !   Elf:2 *

Portals:
Pandemonium: Orc:2
Trove: D:11 (show abyssal rune of Zot)

Annotations:
D:12 1 transporter, magipi's ghost, journeyman MeFi
Lair:1 exclusion: oklob plant
Elf:1 6 runed translucent doors
Elf:2 3 runed translucent doors


Innate Abilities, Weirdness & Mutations

You have sharp toenails.
Your muscles are strong. (Str +4, Int/Dex -1)


Message History

The +2 dire flail of protection hits you!
The +2 dire flail of protection hits you but does no damage.
You hit the +2 dire flail of protection but do no damage.
The +2 dire flail of protection completely misses you.
The +2 dire flail of protection hits you!
You hit the +2 dire flail of protection but do no damage.
The +2 dire flail of protection misses you.
The +2 dire flail of protection hits you.
The +2 dire flail of protection misses you.
You miss the +2 dire flail of protection.
You punch the +2 dire flail of protection, but do no damage.
The +2 dire flail of protection barely misses you.
The +2 dire flail of protection closely misses you.
You closely miss the +2 dire flail of protection.
The +2 dire flail of protection hits you!
With a swish of your cloak, you release a cloud of fog.
The +2 dire flail of protection barely misses you.
Casting: Iron Shot (dangerous; 1% risk of failure)
Confirm with . or Enter, or press ? or * to list all spells.
You don't have enough magic to cast this spell.
Casting: Iron Shot (dangerous; 1% risk of failure)
Confirm with . or Enter, or press ? or * to list all spells.
You erupt in a blast of force!
The mystic blast hits the +2 dire flail of protection.
The +2 dire flail of protection is lightly damaged.
You completely miss the +2 dire flail of protection.
The +2 dire flail of protection is lightly damaged.
The +2 dire flail of protection hits you!
The +2 dire flail of protection hits you!!
* * * LOW HITPOINT WARNING * * *
You feel much better.
The +2 dire flail of protection hits you but does no damage.
The +2 dire flail of protection hits you!!
* * * LOW HITPOINT WARNING * * *
With a swish of your cloak, you release a cloud of fog.
As you read the scroll labelled IDGHAI MADOSETZ, it crumbles to dust.
It is a scroll of enchant weapon.
You aren't carrying any weapons that can be enchanted.
The +2 dire flail of protection hits you!
You die...

############
........##.### #####.#
#######......######§).))..
#.........§@(§§§)#
#........§####§#.#
#...).....# .#.
#.........# .#.#
#.........# .#.#
###......## ##.# ###.##.#
.# # ###......## .# ##
##.#..........


You could see a +2 dire flail of protection.

Vanquished Creatures
  Gastronok (Lair:1)
  An orc warlord (Orc:1)
  A deep elf demonologist (Elf:1)
  Snorg (D:10)
  The ghost of Yphutt the Thaumaturge, a journeyman GnSk of Okawaru (D:11)
  A yaktaur captain (D:12)
  The ghost of Lochraine the Human Cataclysm, a journeyman HuWn of Qazlal (Lair:2)
  2 deep elf high priests (Elf:1)
  5 hydras
  A catoblepas (Lair:1)
  An ogre mage (D:15)
  A demonspawn (Orc:2)
  3 boulder beetles
  A death knight (D:15)
  3 centaur warriors (D:13)
  7 two-headed ogres
  14 dancing weapons
  3 tengu warriors (D:14)
  11 orc high priests
  4 death yaks
  The ghost of heinrich the Unseen, a journeyman VSDe of Dithmenos (D:11)
  A shock serpent (shapeshifter) (D:15)
  7 deep elf knights
  Lodul (D:14)
  2 sun demons
  5 skeletal warriors (D:15)
  5 deep elf archers
  3 wizards
  14 deep elf pyromancers
  12 deep elf zephyrmancers
  A necromancer (D:15)
  A lindwurm (Lair:2)
  A phantasmal warrior (D:15)
  23 ugly things
  A wolf spider zombie (D:15)
  6 orc knights
  4 orc sorcerers
  5 cyclopes
  Maurice (D:12)
  A rust devil (Orc:2)
  8 cane toads
  4 orange demons
  2 smoke demons
  A naga mage (D:15)
  A gargoyle (D:11)
  2 unseen horrors (D:12)
  2 centaur skeletons (D:15)
  2 rime drakes (Lair:2)
  3 kobold demonologists (D:13)
  3 tengu conjurers (D:14)
  2 freezing wraiths
  2 komodo dragons
  A hellwing (Orc:2)
  An ice devil (D:12)
  8 trolls
  A queen bee (Lair:1)
  7 blink frogs (Lair:2)
  13 slime creatures
  A dream sheep (shapeshifter) (D:12)
  2 centaur simulacra (D:12)
  2 air elementals (Elf:1)
  4 wraiths
  Sigmund (D:5)
  A wyvern (Lair:1)
  3 fire elementals
  A water elemental (Elf:1)
  23 yaks
  2 shadows
  A chaos spawn (D:12)
  The ghost of ILmort the Chiller, an amateur DrIE (D:5)
  A basilisk (Lair:2)
  A steam dragon (Lair:2)
  6 vampire mosquitoes
  9 nagas (Lair:2)
  5 wargs (Orc:1)
  2 acid dragons
  7 water moccasins
  An ice beast (D:8)
  A black bear (shapeshifter) (D:14)
  38 orc warriors
  15 ogres
  7 boggarts (D:15)
  14 centaurs
  A wolf (shapeshifter) (D:13)
  3 kobold brigands
  4 necrophages
  6 bullfrogs
  3 earth elementals
  2 scorpions
  29 killer bees
  3 howler monkeys
  An electric eel (D:12)
  2 hounds (D:6)
  30 orc priests
  A jelly (D:8)
  2 quasits (D:12)
  A gnoll bouda (D:4)
  An iguana (D:4)
  17 orc wizards
  Natasha (thrice) (D:4)
  Terence (D:3)
  12 gnolls
  11 adders
  2 shadow imps
  2 white imps (D:6)
  An ufetubus (D:5)
  2 worms (D:2)
  A dart slug (D:3)
  72 orcs
  3 ball pythons
  4 endoplasms
  A giant cockroach (D:2)
  7 goblins
  9 hobgoblins
  6 jackals
  14 kobolds
  4 quokkas
  4 bats
  2 frilled lizards
  5 rats
642 creatures vanquished.

Vanquished Creatures (collateral kills)
  The ghost of RNPValinor the Carver, a journeyman PaFi of Okawaru (D:11)
1 creature vanquished.

Vanquished Creatures (others)
  3 orcs (Elf:1)
  4 demonic plants (D:12)
  37 fulminant prisms
  3 fungi (Lair:2)
  3 plants (Lair:2)
  3 withered plants (D:11)
53 creatures vanquished.

Grand Total: 696 creatures vanquished

Notes
Turn   | Place    | Note
-------+----------+-------------------------------------------
     0 | D:1      | leavemydog the Deep Elf Conjurer began the quest for the
                  | Orb.
     0 | D:1      | Reached XP level 1. HP: 10/10 MP: 6/6
   373 | D:1      | Reached XP level 2. HP: 15/15 MP: 2/8
   381 | D:1      | Learned a level 2 spell: Searing Ray
   539 | D:1      | Reached skill level 5 in Conjurations
  1078 | D:2      | Reached XP level 3. HP: 19/19 MP: 4/9
  1600 | D:2      | Identified the +8 short sword of the Elven Halls
                  | {antimagic, Str+4 Int+2 SInv}
  1888 | D:2      | Found a faded altar of an unknown god.
  1994 | D:2      | Reached XP level 4. HP: 24/24 MP: 9/11
  2141 | D:2      | Learned a level 4 spell: Iskenderun's Mystic Blast
  2579 | D:3      | Reached skill level 4 in Spellcasting
  2634 | D:3      | Noticed Terence
  2639 | D:3      | Killed Terence
  2755 | D:3      | Found a bloodstained altar of Trog.
  2758 | D:3      | Found a broken altar of Ashenzari.
  2953 | D:4      | Noticed a necrophage
  2957 | D:4      | Reached XP level 5. HP: 28/28 MP: 6/13
  2987 | D:4      | Reached skill level 5 in Spellcasting
  3241 | D:4      | Reached XP level 6. HP: 27/32 MP: 6/15
  3435 | D:4      | Reached skill level 1 in Translocations
  3805 | D:4      | Identified 2 scrolls of acquirement
  3806 | D:4      | Acquired the ring "Hiplya" {rPois rN+ Will+ MP+9 Str-5}
  3807 | D:4      | Acquired the +3 pair of mountain boots {steadfast, rC+}
  3807 | D:4      | Found the +3 pair of mountain boots {steadfast, rC+}
  3863 | D:4      | Noticed Natasha
  3866 | D:4      | Killed Natasha
  3902 | D:4      | Found a staircase to the Ecumenical Temple.
  3911 | Temple   | Entered the Ecumenical Temple
  3972 | Temple   | Became a worshipper of Vehumet
  4141 | D:4      | Noticed Natasha
  4145 | D:4      | Killed Natasha
  4231 | D:4      | Noticed Natasha
  4236 | D:4      | Killed Natasha
  4330 | D:5      | Entered Level 5 of the Dungeon
  4334 | D:5      | Reached skill level 6 in Spellcasting
  4387 | D:5      | Noticed Sigmund
  4458 | D:5      | Reached XP level 7. HP: 36/36 MP: 14/18
  4682 | D:5      | Found a runed translucent door.
  4723 | D:5      | Noticed ILmort's ghost (amateur DrIE)
  5126 | D:5      | Killed Sigmund
  5127 | D:5      | Reached skill level 7 in Spellcasting
  5412 | D:5      | Killed ILmort's ghost
  5497 | D:5      | Reached XP level 8. HP: 39/41 MP: 21/21
  5634 | D:6      | Identified the +10 mace of the End {protect, Contam Fly
                  | rElec rC++}
  5708 | D:6      | Reached * piety under Vehumet
  5708 | D:6      | Offered knowledge of Foxfire by Vehumet.
  5709 | D:6      | Reached skill level 8 in Spellcasting
  6483 | D:7      | Found an ancient bone altar of Kikubaaqudgha.
  6498 | D:7      | Reached skill level 9 in Spellcasting
  7188 | D:8      | Reached skill level 10 in Spellcasting
  7398 | D:8      | Noticed a two-headed ogre
  7405 | D:8      | Killed a two-headed ogre
  7406 | D:8      | Reached skill level 10 in Conjurations
  7406 | D:8      | Reached skill level 5 in Translocations
  7406 | D:8      | Reached XP level 9. HP: 17/45 MP: 25/25
  7758 | D:8      | Reached skill level 11 in Spellcasting
  8959 | D:9      | Reached skill level 12 in Spellcasting
  8972 | D:9      | Noticed a death yak
  8981 | D:9      | Learned a level 4 spell: Fulminant Prism
  9083 | D:9      | Noticed a death yak
  9107 | D:9      | Noticed a death yak
  9111 | D:9      | Noticed a death yak
  9112 | D:9      | Killed a death yak
  9113 | D:9      | Reached skill level 1 in Hexes
  9113 | D:9      | Reached XP level 10. HP: 37/50 MP: 12/28
  9510 | D:9      | Found a staircase to the Lair.
  9598 | D:9      | Killed a death yak
  9610 | D:8      | Killed a death yak
  9612 | D:8      | Killed a death yak
  9613 | D:8      | Reached skill level 13 in Spellcasting
  9768 | D:9      | Found Fuxzair's General Store.
  9774 | D:9      | Bought the +2 cloak of the Thief {*Fog Slay-2 SInv Stlth+}
                  | for 261 gold pieces
  9774 | D:9      | Found the +2 cloak of the Thief {*Fog Slay-2 SInv Stlth+}
  9774 | D:9      | Bought a scroll of enchant armour for 97 gold pieces
  9985 | D:9      | Noticed a two-headed ogre
  9995 | D:9      | Killed a two-headed ogre
 10303 | D:9      | Found a shadowy altar of Dithmenos.
 10451 | D:9      | Found Abadoav's Antique Weapon Shop.
 10526 | D:10     | Entered Level 10 of the Dungeon
 10774 | D:10     | Reached skill level 5 in Hexes
 10779 | D:10     | Reached XP level 11. HP: 46/54 MP: 27/30
 11102 | D:10     | Noticed Snorg
 11119 | D:10     | Killed Snorg
 11120 | D:10     | Reached skill level 14 in Spellcasting
 11389 | D:10     | Found a staircase to the Orcish Mines.
 11405 | D:10     | Found Fedam's Firing Range.
 11797 | D:11     | Found a portal to a secret trove of treasure.
 11889 | D:11     | Reached ** piety under Vehumet
 12038 | D:11     | Noticed a two-headed ogre
 12047 | D:11     | Killed a two-headed ogre
 12058 | D:11     | Reached skill level 1 in Fighting
 12119 | D:11     | Offered knowledge of Sandblast by Vehumet.
 12356 | D:11     | Noticed a two-headed ogre
 12365 | D:11     | Killed a two-headed ogre
 12435 | D:11     | Found a runed translucent gate.
 12435 | D:11     | Found a runed translucent gate.
 12435 | D:11     | Found a runed translucent gate.
 12436 | D:11     | Noticed heinrich's ghost (journeyman VSDe)
 12436 | D:11     | Noticed Yphutt's ghost (journeyman GnSk)
 12437 | D:11     | Noticed RNPValinor's ghost (journeyman PaFi)
 12628 | D:11     | Killed RNPValinor's ghost
 12650 | D:11     | Killed heinrich's ghost
 12738 | D:11     | Killed Yphutt's ghost
 12739 | D:11     | Reached skill level 15 in Spellcasting
 12913 | D:11     | Identified the +10 chain mail "Liaggiv" {rC+}
 12925 | D:11     | Learned a level 5 spell: Iskenderun's Battlesphere
 12932 | D:11     | Learned a level 6 spell: Iron Shot
 12986 | D:12     | Noticed Maurice
 12993 | D:12     | Killed Maurice
 13048 | D:12     | Noticed a sun demon
 13052 | D:12     | Reached skill level 1 in Earth Magic
 13055 | D:12     | Killed a sun demon
 13230 | D:12     | Noticed a green ugly thing
 13278 | D:12     | Found a transporter.
 13281 | D:12     | Noticed magipi's ghost (journeyman MeFi)
 13281 | D:12     | Noticed a necromancer
 13284 | D:12     | Noticed a shadow wraith
 13357 | D:12     | Noticed a deep elf pyromancer
 13485 | D:12     | Noticed a seven-headed hydra
 13490 | D:12     | Killed a seven-headed hydra
 13491 | D:12     | Reached XP level 12. HP: 64/64 MP: 25/33
 13711 | D:12     | Found a runed translucent door.
 13820 | D:13     | Noticed a centaur warrior
 13829 | D:13     | Killed a centaur warrior
 13834 | D:13     | Reached skill level 16 in Spellcasting
 13835 | D:13     | Offered knowledge of Frozen Ramparts by Vehumet.
 13841 | D:13     | Noticed a centaur warrior
 14095 | D:13     | Noticed an eight-headed hydra
 14104 | D:13     | Killed an eight-headed hydra
 14104 | D:13     | Reached *** piety under Vehumet
 14161 | D:13     | Killed a centaur warrior
 14303 | D:13     | Noticed a centaur warrior
 14306 | D:13     | Killed a centaur warrior
 14306 | D:13     | Offered knowledge of Sticky Flame by Vehumet.
 14310 | D:14     | Noticed a boulder beetle
 14310 | D:14     | Found Okkiy's Weapon Shoppe.
 14831 | D:13     | Reached skill level 5 in Earth Magic
 14865 | D:14     | Noticed a tengu warrior
 14867 | D:14     | Reached skill level 17 in Spellcasting
 14868 | D:14     | Killed a tengu warrior
 15061 | D:14     | Reached XP level 13. HP: 71/72 MP: 9/36
 15538 | D:14     | Reached **** piety under Vehumet
 15545 | D:14     | Reached skill level 1 in Armour
 15549 | D:14     | Reached skill level 5 in Fighting
 15831 | D:14     | Offered knowledge of Fireball by Vehumet.
 15832 | D:14     | Reached skill level 15 in Conjurations
 15838 | D:14     | Learned a level 5 spell: Fireball
 15926 | D:14     | Found a gate to the Vaults.
 16037 | D:14     | Noticed Lodul
 16197 | D:14     | Killed Lodul
 16671 | D:15     | Entered Level 15 of the Dungeon
 16798 | D:15     | Reached skill level 18 in Spellcasting
 16865 | D:15     | Found a flickering gateway to a bazaar.
 16882 | Bazaar   | Entered a bazaar
 16921 | Bazaar   | Found Sawnenom's Book Emporium.
 16921 | Bazaar   | Found Askoruh's Antique Armour Shoppe.
 16943 | Bazaar   | Found Kegecw's Antique Armour Emporium.
 16943 | Bazaar   | Found Afeviep's Magic Scroll Shoppe.
 16954 | Bazaar   | Bought a scroll of acquirement for 572 gold pieces
 16954 | Bazaar   | Bought a scroll of teleportation for 33 gold pieces
 16954 | Bazaar   | Bought a scroll of identify for 22 gold pieces
 16965 | Bazaar   | Found Gunihag's Armour Emporium.
 17066 | Bazaar   | Acquired 951 gold pieces
 17094 | Bazaar   | Bought a scroll of identify for 22 gold pieces
 17110 | Bazaar   | Gained mutation: Armour fits poorly on your strangely
                  | shaped body. [potion of mutation]
 17110 | Bazaar   | Gained mutation: You are somewhat resistant to further
                  | mutation. [potion of mutation]
 17111 | Bazaar   | Lost mutation: Armour fits poorly on your strangely shaped
                  | body. [potion of mutation]
 17111 | Bazaar   | Lost mutation: You are somewhat resistant to further
                  | mutation. [potion of mutation]
 17111 | Bazaar   | Gained mutation: Your muscles are strong. (Str +4, Int/Dex
                  | -1) [potion of mutation]
 17111 | Bazaar   | Gained mutation: You have sharp toenails. [potion of
                  | mutation]
 17341 | D:15     | Found a frozen archway.
 17854 | D:15     | Found a staircase to the Depths.
 17908 | D:15     | Reached XP level 14. HP: 80/80 MP: 36/38
 17910 | D:15     | Reached ***** piety under Vehumet
 18132 | D:15     | Offered knowledge of Airstrike by Vehumet.
 19511 | D:15     | Found a white marble altar of Elyvilon.
 19946 | Orc:1    | Entered Level 1 of the Orcish Mines
 20156 | Orc:2    | Entered Level 2 of the Orcish Mines
 20162 | Orc:1    | Noticed an orc warlord
 20174 | Orc:1    | Killed an orc warlord
 20175 | Orc:1    | Reached skill level 19 in Spellcasting
 20825 | Orc:2    | Found a staircase to the Elven Halls.
 21341 | Orc:2    | Offered knowledge of Olgreb's Toxic Radiance by Vehumet.
 21491 | Orc:2    | Found Edwuw's Magic Scroll Boutique.
 21505 | Orc:2    | Found Hiofeb's General Store.
 21611 | Orc:2    | Bought a scroll of teleportation for 51 gold pieces
 21613 | Orc:2    | Bought a scroll of fear for 52 gold pieces
 21613 | Orc:2    | Bought a scroll of poison for 52 gold pieces
 22308 | Orc:2    | Reached skill level 1 in Fire Magic
 22508 | Orc:2    | Found Givoj's Book Shoppe.
 22508 | Orc:2    | Found Amuta's Antique Armour Emporium.
 22511 | Orc:2    | Reached skill level 10 in Earth Magic
 22518 | Orc:2    | Found a one-way gate leading to the halls of Pandemonium.
 23012 | Orc:1    | Found a radiant altar of Vehumet.
 23433 | Lair:1   | Entered Level 1 of the Lair of Beasts
 23443 | Lair:1   | Reached XP level 15. HP: 58/86 MP: 30/40
 23681 | Lair:1   | Found a blossoming altar of Fedhas.
 24336 | Lair:1   | Noticed Gastronok
 24343 | Lair:1   | Killed Gastronok
 24462 | Lair:1   | Reached skill level 20 in Spellcasting
 25151 | Lair:2   | Found a runed translucent gate.
 25152 | Lair:2   | Found a runed translucent gate.
 25152 | Lair:2   | Found a runed translucent gate.
 25159 | Lair:2   | Noticed Lochraine's ghost (journeyman HuWn)
 25940 | Lair:2   | Found a staircase to the Snake Pit.
 26119 | Lair:2   | Killed Lochraine's ghost
 26266 | D:12     | Reached ****** piety under Vehumet
 26613 | Elf:1    | Entered Level 1 of the Elven Halls
 26618 | Elf:1    | Offered knowledge of Lightning Bolt by Vehumet.
 27038 | Elf:1    | Found Ipirheoc's Distillery.
 27047 | Elf:1    | Bought a potion of haste for 180 gold pieces
 27047 | Elf:1    | Bought a potion of curing for 54 gold pieces
 27221 | Elf:1    | Paralysed by an air elemental for 1 turns
 27229 | Elf:1    | Identified the +4 long sword of Suicidal Tendencies {speed,
                  | Str+2 Int+3 Dex-3}
 27469 | Elf:1    | Found a runed translucent gate.
 27469 | Elf:1    | Found a runed translucent gate.
 27469 | Elf:1    | Found a runed translucent gate.
 27469 | Elf:1    | Found a runed translucent gate.
 27469 | Elf:1    | Found a runed translucent gate.
 27470 | Elf:1    | Found a runed translucent gate.
 27470 | Elf:1    | Noticed a storm dragon
 27470 | Elf:1    | Noticed an iron dragon
 27808 | Elf:2    | Found Huisog's Assorted Antiques.
 27813 | Elf:2    | Bought a fine lapis lazuli ring for 155 gold pieces
 27813 | Elf:2    | Identified the ring of Leaw {Fly rF+ MP+9 Dex+2} (You
                  | bought it in a shop on level 2 of the Elven Halls)
 27813 | Elf:2    | Bought a scroll labelled IDGHAI MADOSETZ for 31 gold pieces
 28192 | Elf:2    | Reached skill level 5 in Fire Magic
 28337 | Elf:2    | Reached XP level 16. HP: 88/94 MP: 42/42
 28338 | Elf:2    | Reached skill level 21 in Spellcasting
 28863 | Elf:2    | Found a runed translucent gate.
 28864 | Elf:2    | Found a runed translucent gate.
 28864 | Elf:2    | Found a runed translucent gate.
 28944 | Elf:2    | Slain by a +2 dire flail of protection

Illustrated notes

Levels and vault maps discovered:
D:1:      dpeg_arrival_pond, layout_basic, minmay_misc_feat_four_crosses
D:2:      layout_loops_corners, basic_ecumenical_altar
D:3:      layout_rooms, nicolae_overflow_squiral, uniq_terence
D:4:      layout_basic, lemuel_temple_firewalk_b, uniq_natasha
D:5:      layout_cave_pools, hellmonk_ghost_happy_afterlife, uniq_sigmund
D:6:      layout_basic, minmay_misc_feat_tower
D:7:      layout_basic, kiku_gazebo_garden_becter
D:8:      layout_basic
D:9:      layout_basic, nicolae_dithmenos_the_darkroom, dpeg_lair_monsters,
          serial_shops, nicolae_stop_n_shop_2, nicolae_lakefront_shop
D:10:     layout_small_grid, orc_0_dummy, nicolae_shop_firing_range, uniq_snorg
D:11:     layout_basic, nicolae_trove_entry_crystal, gammafunk_ghost_cemetery
D:12:     layout_rooms, serial_demonic, serial_demonic_f, serial_demonic_g,
          serial_demonic_g, serial_demonic_b, gammafunk_ghost_mausoleum,
          lightli_airlock, uniq_maurice
D:13:     layout_basic
D:14:     layout_rooms, david_vaults_1, serial_shops, nicolae_stop_n_shop_1,
          uniq_lodul
D:15:     grunt_enter_depths_magical_seal, layout_basic,
          portal_ice_cave_entry_ugly_swarm, glass_columns_a, serial_shops,
          bzr_entry_customers, elyvilon_altar_5
Temple:   compressed_dpeg_circular_temple
Lair:1:   layout_gridlike, special_room [special_room_bee], tgw_fedhas,
          infiniplex_staircase_pool, grunt_megastairs_5, uniq_gastronok
Lair:2:   layout_roguey, minmay_snake_entry_guardpost_large,
          gammafunk_ghost_split, nicolae_volcano_entry_s_turn
Orc:1:    layout_caves, basic_altar
Orc:2:    pf_orc_diabolical, layout_caves, special_room
Elf:1:    minmay_elf_arrival_plus, layout_rooms, serial_shops, shop_statue,
          orc_legates, lemuel_flame_loot_1
Elf:2:    nicolae_elf_blades_crystal_corner, layout_loops_corners, serial_shops,
          nicolae_shop_hallway_stairs

Skill      XL: |  1  2  3  4  5  6  7  8  9 10 11 12 13 14 15 16 |
---------------+-------------------------------------------------+-----
Conjurations   | 5 6 7 8 10 11 12 13 14 15 16 17 | 17.8
Spellcasting   | 4 5 6 7 10 12 13 15 17 18 19 20 21 | 21.2
Translocations | 2 3 5 6 7 8 9 |  9.7
Hexes          | 1 5 6 |  6.8
Fighting       | 2 4 6 7 8 |  8.5
Earth Magic    | 2 5 8 10 11 | 11.0
Armour         | 2 3 4 |  4.0
Fire Magic     | 1 5 |  5.5
Dodging        | |  2.4
Stealth        | |  2.4
Evocations     | |  0.1

Action                   |  1- 3 |  4- 6 |  7- 9 | 10-12 | 13-15 | 16-18 || total
-------------------------+-------+-------+-------+-------+-------+-------++-------
Melee: Dagger            |       |    28 |       |       |       |       ||    28
       Punch             |       |     1 |       |     1 |       |     1 ||     3
       Mace              |       |       |     6 |    10 |    42 |     9 ||    67
 Cast: Magic Dart        |    57 |    78 |   190 |   169 |   451 |     8 ||   953
       Searing Ray       |       |    13 |    29 |    60 |    38 |     4 ||   144
       Iskenderun's Myst |       |       |    10 |    38 |    51 |     1 ||   100
       Fulminant Prism   |       |       |       |    21 |    16 |       ||    37
       Iskenderun's Batt |       |       |       |    17 |    15 |       ||    32
       Iron Shot         |       |       |       |    17 |   238 |    21 ||   276
       Fireball          |       |       |       |       |    60 |     8 ||    68
Evoke: Wand              |       |       |       |     4 |       |       ||     4
  Use: Scroll            |       |     9 |     2 |    11 |    16 |     1 ||    39
       Potion            |       |       |       |     4 |     5 |     1 ||    10
 Stab: Distracted        |       |       |       |       |       |     1 ||     1
Armor: Robe              |       |    12 |    21 |       |       |       ||    33
       Acid dragon scale |       |       |     8 |    78 |   149 |    17 ||   252
Dodge: Dodged            |     2 |    25 |    37 |    73 |   134 |    16 ||   287
